 Dungeon Crawl Stone Soup version 0.19.1 (webtiles) character file.

6681 Ladykiller69 the Cleaver (level 11, -33/81 HPs)
             Began as a Formicid Fighter on Nov 24, 2016.
             Was a High Priest of Cheibriados.
             Annihilated by a very large slime creature (38 damage)
             ... on level 9 of the Dungeon.
             The game lasted 00:19:14 (7754 turns).

Ladykiller69 the Cleaver (Formicid Fighter)         Turns: 7754, Time: 00:19:16

Health: -33/81     AC: 13    Str: 32    XL:     11   Next: 23%
Magic:  14/14      EV: 12    Int: 24    God:    Cheibriados [*****.]
Gold:   490        SH: 14    Dex: 22    Spells: 0 memorised, 10 levels left

rFire  . . .     SeeInvis +     G - +5 hand axe (curse)
rCold  . . .     Gourm    .     j - +0 plate armour
rNeg   . . .     Faith    .     c - +0 shield
rPois  .         Spirit   .     (helmet unavailable)
rElec  .         Reflect  .     (no cloak)
rCorr  .         Harm     .     A - +0 pair of gloves
MR     ++...                    (no boots)
Stlth  ..........               (no amulet)
                                J - +2 ring of evasion
                                D - ring of protection from magic

@: very slow
A: permanent stasis, dig shafts and tunnels, four strong arms, antennae 3
a: Dig, Shaft Self, Bend Time, Temporal Distortion, Slouch, Step From Time,
Renounce Religion


You were on level 9 of the Dungeon.
You worshipped Cheibriados.
Cheibriados was extremely pleased with you.
You were hungry.

You visited 2 branches of the dungeon, and saw 10 of its levels.

You collected 490 gold pieces.

Inventory:

Hand Weapons
 a - a +0 war axe
 q - a +0 hand axe of electrocution
 G - a cursed +5 hand axe (weapon)
 Q - a +0 scimitar of flaming
Missiles
 g - 277 stones (quivered)
 I - 8 javelins
 S - 4 tomahawks
Armour
 c - a +0 shield (worn)
 j - a +0 plate armour (worn)
 A - a +0 pair of gloves (worn)
 F - a +0 cloak
Jewellery
 D - a ring of protection from magic (left hand)
 J - a +2 ring of evasion (right hand)
Wands
 C - a wand of enslavement (14/24)
 E - a wand of random effects (14/48)
 H - a wand of flame (21/48)
Scrolls
 i - 5 scrolls of recharging {unknown}
 k - 2 scrolls of fear {unknown}
 p - 3 scrolls of noise {unknown}
 r - 7 scrolls of identify {unknown}
 s - 6 scrolls of remove curse {unknown}
 v - a scroll of fog {unknown}
 x - 5 scrolls of enchant weapon {unknown}
 y - 3 scrolls of random uselessness {unknown}
 z - a scroll of amnesia {unknown}
 B - 4 scrolls of teleportation {unknown}
 M - a scroll of blinking {unknown}
 T - a scroll of vulnerability {unknown}
Potions
 b - a potion of haste {unknown}
 d - 2 potions of might
 e - 2 potions of berserk rage {unknown}
 h - a potion of lignification {unknown}
 l - 4 potions of curing {unknown}
 m - a potion of invisibility {unknown}
 n - 2 potions of degeneration {unknown}
 o - a potion of flight {unknown}
 L - 3 potions of mutation {unknown}
 P - a potion of agility
Books
 K - a book of Necromancy

   Spells                             Type                      Level
   a - Pain                           Necromancy                   1
   b - Animate Skeleton               Necromancy                   1
   c - Vampiric Draining              Necromancy                   3
   d - Regeneration                   Charms/Necromancy            3
   e - Animate Dead                   Necromancy                   4
   f - Control Undead                 Necromancy                   4
 N - Sif Muna's Guide on the Oath
   (You found it on level 7 of the Dungeon)

   Spells                             Type                      Level
   a - Confusing Touch                Hexes                        1
 O - a book of Cantrips

   Spells                             Type                      Level
   a - Confusing Touch                Hexes                        1
   b - Animate Skeleton               Necromancy                   1
   c - Summon Small Mammal            Summoning                    1
   d - Apportation                    Translocation                1
Comestibles
 f - 5 bread rations
 t - 5 meat rations
 u - a slice of pizza
 w - a beef jerky
 R - 2 fruits


   Skills:
 + Level 5.7 Fighting
 * Level 12.1 Axes
 + Level 5.4 Armour
 + Level 3.1 Dodging
 - Level 10.0 Shields
 + Level 4.2 Invocations


You had 10 spell levels left.
You didn't know any spells.

Dungeon Overview and Level Annotations

Branches:
Dungeon (9/15)             Temple (1/1) D:6             Orc (0/2) D:9
   Lair: D:8-11

Altars:
Ashenzari
Cheibriados
Dithmenos
Kikubaaqudgha
Makhleb
Okawaru
Ru
Sif Muna
Trog
Uskayaw
Xom
Zin

Shops:
D:5 %   D:7 (


Innate Abilities, Weirdness & Mutations

You are under a permanent stasis effect.
You can dig through walls and to a lower floor.
Your four strong arms can wield two-handed weapons with a shield.
You have a pair of large antennae on your head. (SInv)


Message History

You hit the slime creature.
The slime creature is severely wounded.
The slime creature barely misses you.
You slash the slime creature!
The slime creature is almost dead.
You hit the very large slime creature. The slime creature hits you!
You slash the slime creature!
You kill the slime creature!
Cheibriados thoroughly appreciates the change of pace.
Cheibriados raises the support of your attributes as your movement slows.
You hit the very large slime creature.
You block the very large slime creature's attack.
You barely miss the very large slime creature.
The very large slime creature is lightly wounded.
The very large slime creature hits you!!!
Ouch! That really hurt!
* * * LOW HITPOINT WARNING * * *
You fail to use your ability.
The very large slime creature hits you!!!
You die...

#### #.......# #.........#
# ####.#### ####..##### ###
##..## ###.## ..# #....#
#....# ..# #....# #....#
..#### #....# #....#
..'..####....# ######..[.#
..##.........####J#..'....+
..####..#...)..)@(J.##....#
..# ##......)#########....#
..###...#....# #....#
..##...###...## #....#
........).....# #....#
##...#.).).#..# ######
#..##.._..##.#
#...#.).).#..#
#............#


You could see a very large slime creature and a slime creature.

Vanquished Creatures
  Erica (D:8)
  Pikel (D:4)
  Maurice (D:8)
  A troll (D:9)
  Grinder (D:4)
  A slime creature (D:9)
  A hippogriff (D:8)
  3 hungry ghosts
  Duvessa (D:5)
  2 orc warriors
  2 sky beasts
  2 ice beasts
  5 ogres
  A centaur (D:8)
  A big kobold (D:7)
  4 bullfrogs
  Dowan (D:5)
  A gnoll sergeant (D:6)
  A wyvern skeleton (D:7)
  2 scorpions
  2 vampire bats (D:8)
  3 howler monkeys (D:7)
  12 wights
  4 crimson imps
  2 bullfrog zombies (D:6)
  5 jellies
  4 orc priests
  A bullfrog skeleton (D:7)
  9 hounds
  12 orc wizards
  3 iguanas
  7 worker ants
  5 gnolls (D:6)
  2 howler monkey skeletons
  11 adders
  2 oozes
  An adder zombie (D:7)
  A worm (D:3)
  2 dart slugs (D:1)
  5 leopard geckos
  32 orcs
  5 bats
  3 bat skeletons (D:8)
  3 bat zombies (D:8)
  3 giant cockroaches
  13 goblins
  8 hobgoblins
  12 jackals
  14 kobolds
  5 quokkas
  5 frilled lizards
  A giant cockroach zombie (D:6)
  A leopard gecko zombie (D:7)
  A quokka zombie (D:7)
  9 rats
241 creatures vanquished.

Vanquished Creatures (others)
  A ball python (D:5)
1 creature vanquished.

Grand Total: 242 creatures vanquished

Notes
Turn   | Place    | Note
-------+----------+-------------------------------------------
     0 | D:1      | Ladykiller69 the Formicid Fighter began the quest for the Orb.
     0 | D:1      | Reached XP level 1. HP: 18/18 MP: 1/1
   167 | D:1      | Reached XP level 2. HP: 24/24 MP: 2/2
   446 | D:1      | Reached XP level 3. HP: 30/30 MP: 3/3
   935 | D:2      | Found a sacrificial altar of Ru.
  1063 | D:2      | Reached XP level 4. HP: 19/37 MP: 4/4
  1519 | D:2      | Reached skill level 3 in Axes
  1623 | D:3      | Reached XP level 5. HP: 19/42 MP: 5/5
  2248 | D:3      | Reached skill level 4 in Axes
  2248 | D:3      | Reached skill level 5 in Shields
  2248 | D:3      | Reached XP level 6. HP: 42/48 MP: 6/6
  2311 | D:3      | Found a snail-covered altar of Cheibriados.
  2318 | D:3      | Found a shimmering altar of Xom.
  2384 | D:3      | Became a worshipper of Cheibriados the Contemplative
  2599 | D:4      | Noticed Grinder
  2748 | D:4      | Reached skill level 5 in Axes
  2748 | D:4      | Reached XP level 7. HP: 44/54 MP: 7/7
  3041 | D:4      | Reached * piety under Cheibriados
  3661 | D:4      | Killed Grinder
  3661 | D:4      | Reached skill level 6 in Axes
  3661 | D:4      | Reached XP level 8. HP: 60/60 MP: 8/8
  3672 | D:4      | Found a glowing silver altar of Zin.
  3676 | D:4      | Found a bloodstained altar of Trog.
  3889 | D:5      | Entered Level 5 of the Dungeon
  3921 | D:5      | Noticed Pikel
  3949 | D:4      | Killed Pikel
  3949 | D:4      | Reached skill level 8 in Axes
  4054 | D:5      | Noticed Dowan
  4055 | D:5      | Noticed Duvessa
  4074 | D:5      | Killed Duvessa
  4084 | D:5      | Killed Dowan
  4084 | D:5      | Reached XP level 9. HP: 58/65 MP: 9/9
  4094 | D:5      | Found a bloodstained altar of Trog.
  4133 | D:5      | Found Enulic's Food Emporium.
  4300 | D:5      | You fall through a shaft for 2 floors!
  4394 | D:7      | Reached skill level 9 in Axes
  4451 | D:7      | Found Qagox's Antique Weapon Emporium.
  4499 | D:7      | Reached ** piety under Cheibriados
  4774 | D:6      | You fall through a shaft for 2 floors!
  4774 | D:8      | Found an ancient bone altar of Kikubaaqudgha.
  5063 | D:8      | Noticed Maurice
  5087 | D:8      | Killed Maurice
  5087 | D:8      | Reached skill level 10 in Axes
  5338 | D:7      | Reached XP level 10. HP: 71/71 MP: 10/10
  5339 | D:7      | Found a hide-covered altar of Uskayaw.
  5429 | D:7      | Reached *** piety under Cheibriados
  5769 | D:6      | Reached skill level 11 in Axes
  5769 | D:6      | Reached skill level 10 in Shields
  5843 | D:6      | Found a staircase to the Ecumenical Temple.
  5984 | D:6      | Reached skill level 1 in Dodging
  5986 | D:6      | Reached skill level 1 in Invocations
  6217 | Temple   | Entered the Ecumenical Temple
  6340 | D:7      | Reached **** piety under Cheibriados
  6563 | D:7      | Found a deep blue altar of Sif Muna.
  6600 | D:7      | Identified Sif Muna's Guide on the Oath
  7088 | D:8      | Found a burning altar of Makhleb.
  7272 | D:8      | Noticed Erica
  7281 | D:8      | Killed Erica
  7281 | D:8      | Reached skill level 5 in Fighting
  7281 | D:8      | Reached skill level 5 in Armour
  7281 | D:8      | Reached XP level 11. HP: 61/80 MP: 13/13
  7434 | D:9      | Reached ***** piety under Cheibriados
  7530 | D:9      | Reached skill level 12 in Axes
  7533 | D:9      | Found an iron altar of Okawaru.
  7618 | D:9      | Found a staircase to the Orcish Mines.
  7754 | D:9      | Annihilated by a very large slime creature

Skill      XL: |  1  2  3  4  5  6  7  8  9 10 11 |
---------------+----------------------------------+-----
Fighting       | 4 5 |  5.7
Shields        | 4 5 6 7 9 10 | 10.0
Axes           | 3 4 5 6 8 10 11 12 | 12.1
Armour         | 4 5 |  5.4
Dodging        | 2 3 |  3.1
Invocations    | 3 4 |  4.2

Action                   |  1- 3 |  4- 6 |  7- 9 | 10-12 || total
-------------------------+-------+-------+-------+-------++-------
Melee: War axe           |   102 |   284 |   278 |       ||   664
       Unarmed           |       |       |    13 |       ||    13
       Hand axe          |       |       |    21 |   338 ||   359
Throw: Stone             |       |       |     7 |     2 ||     9
 Abil: Dig               |       |     6 |     8 |     5 ||    19
       Shaft Self        |       |       |     1 |       ||     1
  Eat: Chunk             |       |     8 |     3 |     7 ||    18
       Meat ration       |       |       |     1 |       ||     1
Armor: Scale mail        |     2 |       |       |       ||     2
       Plate armour      |    56 |   174 |   145 |    83 ||   458
       Skin              |       |       |     2 |       ||     2
Dodge: Dodged            |    17 |    53 |    62 |    75 ||   207
Block: Shield            |    67 |   170 |   158 |   186 ||   581
